 Dungeon Crawl Stone Soup version 0.17-a0-1468-gbf503c2 (webtiles) character file.

1362 matakusis the Ducker (level 8, 0/60 HPs)
             Began as a Demonspawn Gladiator on July 1, 2015.
             Was a Believer of Dithmenos.
             Killed from afar by an electric eel (10 damage)
             ... with a bolt of electricity
             ... on level 6 of the Dungeon.
             The game lasted 00:42:32 (7639 turns).

matakusis the Ducker (Demonspawn Gladiator)         Turns: 7639, Time: 00:42:33

Health: 0/60       AC: 10    Str: 18    XL:     8   Next: 37%
Magic:  20/20      EV: 15    Int: 10    God:    Dithmenos [**....]
Gold:   243        SH:  0    Dex: 15    Spells: 0 memorised, 7 levels left

rFire  + . .     SeeInvis .     i - +4 flail (protect)
rCold  . . .     Clarity  .     b - +0 leather armour
rNeg   . . .     SustAt   .     (no shield)
rPois  .         Gourm    .     (helmet restricted)
rElec  .         Spirit   .     (no cloak)
rCorr  .         Warding  .     s - +0 pair of gloves
rMut   .         Stasis   .     f - +0 pair of boots
MR     .....                    q - amulet of rage
Stlth  ++........               (no ring)
                                k - ring of magical power

@: wreathed by umbra, not resistant to hostile enchantments, unstealthy
A: antennae 2, thin skeletal structure 1, demonic guardian 1, fire resistance 1
a: Shadow Step, Renounce Religion, Evoke Berserk Rage


You were on level 6 of the Dungeon.
You worshipped Dithmenos.
Dithmenos was pleased with you.
You were not hungry.

You visited 1 branch of the dungeon, and saw 6 of its levels.

You collected 243 gold pieces.

Inventory:

Hand weapons
 c - a +3 flail
 i - a +4 flail of protection (weapon)
Missiles
 d - 2 throwing nets (quivered)
 n - 7 curare-tipped needles
Armour
 b - a +0 leather armour (worn)
 f - a +0 pair of boots (worn)
 s - a +0 pair of gloves (worn)
Jewellery
 k - a ring of magical power (left hand)
 q - an amulet of rage (around neck)
Scrolls
 j - 3 scrolls of remove curse
 l - 3 scrolls of identify
Potions
 g - a potion of cancellation
 p - a potion of brilliance
Comestibles
 h - 2 beef jerkies


   Skills:
 + Level 3.7 Fighting
 * Level 5.5 Maces & Flails
 - Level 1.7 Throwing
 + Level 3.1 Armour
 * Level 6.5 Dodging
 * Level 4.0 Invocations


You had 7 spell levels left.
You didn't know any spells.

Dungeon Overview and Level Annotations

Branches:
Dungeon (6/15)
 Temple: D:4-7

Altars:
Ashenzari
Dithmenos
Elyvilon
Fedhas
Zin


Innate Abilities, Weirdness & Mutations

You have a pair of antennae on your head.
You have a somewhat thin skeletal structure (Dex +2, Stealth).
A weak demonic guardian rushes to your aid.
Your flesh is heat resistant.


Message History

The bolt of electricity hits the electric eel.
The electric eel completely resists.
You enter the shallow water.
Moving in this stuff is going to be slow.
The electric eel shoots out a bolt of lightning at you!
The bolt of electricity misses you. The bolt of electricity hits you!
The bolt of electricity misses the electric eel.
You barely miss the electric eel.
Your unstable footing causes you to fumble your attack.
Your unstable footing causes you to fumble your attack.
The electric eel shoots out a bolt of lightning at you!
The bolt of electricity hits you! x2
* * * LOW HITPOINT WARNING * * *
The bolt of electricity hits the electric eel.
The electric eel completely resists.
You swap places.
Your iron imp barely misses the electric eel.
The electric eel shoots out a bolt of lightning at you!
The bolt of electricity hits you!
You die...

≈≈.≈≈≈≈≈.......##
...≈≈≈≈.≈≈≈≈≈........#
..≈≈≈≈.≈≈;≈≈.........
#.≈≈≈≈..........##...
#.......≈≈≈≈....###..
#.≈≈≈≈≈.≈≈≈≈....###..
#.≈≈≈≈≈.≈≈≈≈..(......
#.≈;≈≈≈.≈≈≈≈.........
#?≈5@≈≈.≈≈≈≈........#
#............###....#
####.#####..## ##...#
#.# ##..## #.....
#.###..## #..##.
######.....## #.####
...........## ##.# #
...#####..## #.## ####
#.##


You could see 2 electric eels and a friendly iron imp.

Vanquished Creatures
  Sigmund (D:5)
  The ghost of pulse the Chopper, an average FoBe of Trog (D:3)
  Edmund (D:5)
  An ogre (D:3)
  An ice beast (D:5)
  A sky beast (D:6)
  2 phantoms
  A scorpion (D:4)
  A water moccasin zombie (D:6)
  2 crimson imps (D:5)
  2 hounds (D:6)
  An iguana (D:6)
  A giant frog skeleton (D:5)
  A killer bee zombie (D:6)
  A worker ant zombie (D:5)
  7 adders
  3 gnolls (D:4)
  A shadow imp (D:5)
  2 oozes
  4 worms
  A giant gecko (D:1)
  4 orcs (D:6)
  12 bats
  A bat skeleton (D:5)
  7 giant cockroaches
  18 goblins
  11 hobgoblins
  6 jackals
  4 kobolds
  A quokka (D:5)
  A ball python (D:4)
  6 giant newts
  13 rats
  A bush (D:4)
  A plant (D:4)
122 creatures vanquished.

Vanquished Creatures (collateral kills)
  A centaur (D:5)
  5 gnolls
  A goblin (D:5)
7 creatures vanquished.

Grand Total: 129 creatures vanquished

Notes
Turn   | Place    | Note
--------------------------------------------------------------
     0 | D:1      | matakusis the Demonspawn Gladiator began the quest for the Orb.
     0 | D:1      | Reached XP level 1. HP: 16/16 MP: 1/1
   384 | D:1      | Reached skill level 3 in Maces & Flails
   399 | D:1      | Gained mutation: You have a somewhat thin skeletal structure (Dex +2, Stealth). [demonic ancestry]
   399 | D:1      | Reached XP level 2. HP: 20/22 MP: 2/2
  1047 | D:2      | Gained mutation: A weak demonic guardian rushes to your aid. [demonic ancestry]
  1047 | D:2      | Reached XP level 3. HP: 22/27 MP: 3/3
  1491 | D:2      | Found a shadowy altar of Dithmenos.
  1525 | D:2      | Became a worshipper of Dithmenos the Shadowed
  2438 | D:3      | Gained mutation: Your flesh is heat resistant. [demonic ancestry]
  2438 | D:3      | Reached XP level 4. HP: 25/34 MP: 4/4
  2877 | D:3      | Noticed pulse's ghost (average FoBe)
  3249 | D:4      | Reached skill level 4 in Dodging
  3249 | D:4      | Reached skill level 1 in Invocations
  3623 | D:4      | Reached XP level 5. HP: 37/39 MP: 5/5
  3704 | D:4      | Noticed a phantom
  3710 | D:4      | Killed a phantom
  3710 | D:4      | Reached skill level 1 in Armour
  3747 | D:4      | Found a white marble altar of Elyvilon.
  3909 | D:3      | Killed pulse's ghost
  3909 | D:3      | Gained mutation: You have a pair of small antennae on your head. [demonic ancestry]
  3909 | D:3      | Reached XP level 6. HP: 21/46 MP: 7/7
  4187 | D:3      | Found a shattered altar of Ashenzari.
  5137 | D:4      | Reached skill level 5 in Dodging
  5534 | D:5      | Entered Level 5 of the Dungeon
  5539 | D:5      | Gained mutation: You have a pair of antennae on your head. [demonic ancestry]
  5539 | D:5      | Reached XP level 7. HP: 43/52 MP: 8/8
  5952 | D:5      | Acquired Dithmenos's first power
  6538 | D:5      | Noticed Sigmund
  6554 | D:5      | Killed Sigmund
  6554 | D:5      | Reached skill level 6 in Dodging
  6714 | D:5      | Noticed Edmund
  6729 | D:5      | Killed Edmund
  6729 | D:5      | Reached skill level 5 in Maces & Flails
  6729 | D:5      | Reached XP level 8. HP: 58/58 MP: 10/10
  6836 | D:5      | Found a blossoming altar of Fedhas.
  6837 | D:5      | Found a glowing silver altar of Zin.
  7639 | D:6      | Killed from afar by an electric eel

Vault maps used:
D:1:      dpeg_arrival_court
D:2:      serial_bayou_lagoon_a, grunt_dithmenos_smoke
D:3:      kennysheep_goblin_castle, lemuel_crystal_altar
D:4:      lemuel_coloured_pillars_altar, serial_forest,
          infiniplex_forest_clump_curved, infiniplex_forest_clump_small,
          infiniplex_forest_clump_tiny, infiniplex_forest_clump_C,
          infiniplex_forest_corner_1, infiniplex_forest_clump_small,
          infiniplex_forest_clump_diagonal, first_bread
D:5:      gammafunk_temple_overflow_pools, uniq_sigmund, uniq_edmund
D:6:      trog_ov_bears_minmay, minivault_14, uniq_blork_the_orc, uniq_grinder

Action                   |  1- 3 |  4- 6 |  7- 9 || total
-------------------------+-------+-------+-------++-------
Melee: Flail             |   193 |   220 |   179 ||   592
Throw: Throwing net      |       |     4 |       ||     4
 Abil: Evoke Berserk Rag |       |     1 |     4 ||     5
  Use: Scroll            |       |     5 |     4 ||     9
       Potion            |       |     5 |     1 ||     6
 Stab: Sleeping          |     3 |     3 |     4 ||    10
       Distracted        |       |     1 |       ||     1
       Held in net/web   |       |     1 |       ||     1
  Eat: Chunk             |     1 |     1 |       ||     2
       Meat ration       |     1 |       |       ||     1
       Bread ration      |       |     2 |     3 ||     5
